 Dungeon Crawl Stone Soup version 0.29-a0-82-g837932c90e (webtiles) character file.

Game seed: 7836025516814285847

61 lordive the Grasshopper (level 3, 0/30 HPs)
             Began as a Draconian Warper on Feb 4, 2022.
             Slain by an orc (1 damage)
             ... on level 2 of the Dungeon.
             The game lasted 00:01:32 (1438 turns).

lordive the Grasshopper (Draconian Warper)          Turns: 1438, Time: 00:01:32

Health: 0/30       AC:  6    Str: 13    XL:     3   Next: 83%
Magic:  6/6        EV: 12    Int: 15    God:
Gold:   69         SH:  0    Dex: 10    Spells: 6/6 levels left

rFire   . . .      SeeInvis .   e - +0 long sword
rCold   . . .      Faith    .   (no shield)
rNeg    . . .      Spirit   .   (armour unavailable)
rPois   .          Reflect  .   (helmet restricted)
rElec   .          Harm     .   (no cloak)
rCorr   .          Rampage  .   (no gloves)
Will    .....                   f - +0 pair of boots
Stlth   +.........              (no amulet)
HPRegen 0.10/turn               (no ring)
MPRegen 0.10/turn               (no ring)

@: no status effects
A: AC +5, unfitting armour, cold-blooded
a: no special abilities


You were on level 2 of the Dungeon.
You visited 1 branch of the dungeon, and saw 2 of its levels.

You collected 69 gold pieces.

Inventory:

Hand Weapons
 a - a +0 falchion
 e - a +0 long sword (weapon)
Missiles
 c - 5 boomerangs of dispersal (quivered)
Armour
 f - a +0 pair of boots (worn)
Scrolls
 b - a scroll of blinking
 d - 2 scrolls of vulnerability {unknown}


   Skills:
 + Level 2.7 Fighting
 + Level 2.7 Long Blades
 - Level 0.8 Throwing
 + Level 2.4 Dodging
 + Level 0.1 Stealth
 + Level 2.1 Spellcasting
 * Level 3.7 Translocations


You had 6 spell levels left.
You didn't know any spells.
Your spell library contained the following spells:

 Spells                   Type           Power      Damage    Failure   Level
 Blink                    Tloc           24%        N/A       7%          2
 Gell's Gravitas          Tloc           12%        N/A       14%         3
 Lesser Beckoning         Tloc           12%        N/A       14%         3
 Teleport Other           Tloc           12%        N/A       14%         3
 Manifold Assault         Tloc           12%        N/A       78%         5


Dungeon Overview and Level Annotations

Branches:
Dungeon (2/15)

Altars:
Zin


Innate Abilities, Weirdness & Mutations

Your plain brown scales are hard. (AC +5)
You cannot fit into any form of body armour.
You are cold-blooded and may be slowed by cold attacks.


Message History

The orc hits you but does no damage.
You completely miss the orc.
The orc is heavily wounded.
The orc misses you. The orc hits you but does no damage.
You hit the orc.
You kill the orc!
You hear some strange, mumbled words.
Something tries to affect you, but you resist.
You barely miss something.
Your tail-slap misses something.
Something hits you but does no damage.
You closely miss something.
You hear some strange, mumbled words.
A magic dart appears from out of thin air!
The magic dart hits you.
You barely miss something.
Something hits you but does no damage. x2
You closely miss something. Your punch misses something. Something hits you.
You barely miss something.
Your tail-slap misses something.
You hear some strange, mumbled words.
A puff of flame appears from out of thin air!
The puff of flame hits you.
You miss something.
Your tail-slap misses something.
Something hits you.
You hit something.
You hear some strange, mumbled words.
A puff of flame appears from out of thin air!
The puff of flame hits you.
* * * LOW HITPOINT WARNING * * *
You hear some strange, mumbled words.
A puff of flame appears from out of thin air!
The puff of flame hits you.
* * * LOW HITPOINT WARNING * * *
You aren't carrying any potions.
You completely miss something.
Your tail-slap misses something.
Something hits you but does no damage.
You hit something.
Reactivating autopickup.
You feel a bit more experienced.
You hit the orc.
The orc is almost dead.
The orc hits you with a +2 flail of holy wrath.
You die...

#...####............#
.......+............#
########............#
...#####............#
....................#
....................#
....................#
.#'#############'####
.#.# #@# .#.# #o#
.#.# #K# .#.# #.#
.#'#### #'# ......#
...............
......#
...............
......#
...oo..........
......#
...............


You could see an orc and a kobold.

Vanquished Creatures
  An orc wizard (D:2)
  A dart slug (D:1)
  An orc (D:2)
  3 bats (D:1)
  A giant cockroach (D:1)
  6 hobgoblins
  A jackal (D:1)
  A quokka (D:2)
  6 ball pythons
  2 frilled lizards (D:1)
  5 kobolds
  2 rats (D:1)
30 creatures vanquished.

Notes
Turn   | Place    | Note
-------+----------+-------------------------------------------
     0 | D:1      | lordive the Draconian Warper began the quest for the Orb.
     0 | D:1      | Reached XP level 1. HP: 17/17 MP: 3/3
   496 | D:1      | Reached XP level 2. HP: 17/24 MP: 5/5
  1165 | D:2      | Reached XP level 3. HP: 24/30 MP: 6/6
  1378 | D:2      | Found a faded altar of an unknown god.
  1379 | D:2      | Found a glowing silver altar of Zin.
  1435 | D:2      | HP: 1/30 [something/puff of flame (5)]
  1438 | D:2      | Slain by an orc

Illustrated notes

Levels and vault maps discovered:
D:1:      dpeg_arrival_brainrot, layout_basic
D:2:      minmay_recursive_quarters, layout_basic, serial_shops, shop,
          basic_altar, basic_ecumenical_altar

Action                   || total
-------------------------++-------
Melee: Falchion          ||    89
       Tailslap          ||     7
       Long sword        ||    34
       Punch             ||     1
 Stab: Sleeping          ||     1
Armor: Skin              ||    59
Dodge: Dodged            ||    85

Table legend: (Time is in decaauts)
 A = Elapsed time spent in this place.
 B = Non-inter-level travel time spent in this place.
 C = Inter-level travel time spent in this place.
 D = Time resting spent in this place.
 E = Time spent auto-exploring this place.
 F = Levels seen in this place.
 G = Mean time per level.
                   A        B        C        D        E       F      G
               +--------+--------+--------+--------+--------+-----+--------+
         Total |   1464 |   1437 |     27 |      0 |   1184 |   2 |  732.0 |
       Dungeon |   1464 |   1437 |     27 |      0 |   1184 |   2 |  732.0 |
               +--------+--------+--------+--------+--------+-----+--------+

Top non-repeatable levels by time:
     D:1: 1176 daAuts
     D:2: 288 daAuts
